 Dungeon Crawl Stone Soup version 0.18-a0-1561-g7b1e397 (webtiles) character file.

2195 Svalin the Cleaver (level 9, -9/68 HPs)
             Began as a Formicid Fighter on Mar 13, 2016.
             Was a Believer of Makhleb.
             Mangled by a manticore (20 damage)
             ... on level 7 of the Dungeon.
             The game lasted 00:14:58 (6854 turns).

Svalin the Cleaver (Formicid Fighter)               Turns: 6854, Time: 00:14:58

Health: -9/68      AC: 13    Str: 21    XL:     9   Next: 60%
Magic:  11/11      EV:  6    Int:  8    God:    Makhleb [**....]
Gold:   252        SH: 12    Dex: 13    Spells: 0 memorised, 8 levels left

rFire  . . .     SeeInvis +     a - +0 war axe
rCold  . . .     Gourm    .     p - +0 chain mail
rNeg   . . .     Faith    +     e - +2 shield
rPois  .         Spirit   .     (helmet unavailable)
rElec  .         Dismiss  .     m - +0 cloak
rCorr  .         Reflect  .     i - +2 pair of gloves
SustAt .         Harm     .     (no boots)
MR     .....                    n - amulet of faith
Stlth  ..........               (no ring)
                                (no ring)

@: not resistant to hostile enchantments, extremely unstealthy
A: permanent stasis, dig shafts and tunnels, four strong arms, antennae 3
a: Dig, Shaft Self, Minor Destruction, Renounce Religion


You were on level 7 of the Dungeon.
You worshipped Makhleb.
Makhleb was pleased with you.
You were hungry.

You visited 2 branches of the dungeon, and saw 8 of its levels.

You collected 252 gold pieces.

Inventory:

Hand Weapons
 a - a +0 war axe (weapon)
Armour
 e - a +2 shield (worn)
 i - a +2 pair of gloves (worn)
 m - a +0 cloak (worn)
 p - a +0 chain mail (worn)
Jewellery
 n - an amulet of faith (around neck)
 y - an uncursed ring of protection from fire {unknown}
Wands
 B - a wand of lightning (9/15)
Scrolls
 b - 2 scrolls of teleportation
 c - a scroll of immolation {unknown}
 j - 2 scrolls of remove curse
 q - a scroll of noise
 u - a scroll of recharging
 w - a scroll of enchant weapon {unknown}
 A - a scroll of brand weapon {unknown}
Potions
 d - 3 potions of resistance
 g - 4 potions of haste
 h - 2 potions of flight {unknown}
 o - a potion of agility {unknown}
 s - 3 potions of invisibility {unknown}
 x - 3 potions of brilliance {unknown}
 z - a potion of ambrosia {unknown}
Comestibles
 f - 8 bread rations
 k - 3 meat rations
 l - 5 fruits
 r - a beef jerky
 t - a slice of pizza
 C - 6 chunks of flesh


   Skills:
 + Level 5.2 Fighting
 * Level 10.4 Axes
 - Level 3.2 Armour
 + Level 5.8 Shields
 + Level 3.9 Invocations


You had 8 spell levels left.
You didn't know any spells.

Dungeon Overview and Level Annotations

Branches:
Dungeon (7/15)             Temple (1/1) D:4

Altars:
Cheibriados
Fedhas
Gozag
Kikubaaqudgha
Makhleb
Sif Muna
Trog
Xom

Shops:
D:4 ?


Innate Abilities, Weirdness & Mutations

You are under a permanent stasis effect.
You can dig through walls and to a lower floor.
Your four strong arms can wield two-handed weapons with a shield.
You have a pair of large antennae on your head (SInv).


Message History

The manticore claws you but does no damage.
The manticore barely misses you.
You are feeling hungry.
Your shield and chain mail prevent you from hitting the manticore.
The manticore is almost dead.
You block the manticore's attack. x2
The manticore claws you but does no damage.
Drink which item? (? for menu, Esc to quit)
You feel better. You block the manticore's attack.
The manticore claws you but does no damage.
You block the manticore's attack.
You closely miss the manticore.
The manticore is almost dead.
The manticore bites you!
* * * LOW HITPOINT WARNING * * *
You block the manticore's attack. The manticore claws you!
* * * LOW HITPOINT WARNING * * *
Drink which item? (? for menu, Esc to quit)
You feel better. The manticore bites you!!
You die...

#### ... ### ..# #.. ..# #
#.################..#.#..
#.#....................##
#.#..#...........รท..$...#
##.#..#.###...H@.###.###..
#.......................
#....<##.#....###.######
#..##.##.#..### .#
#..###.....#### ..
#>..................
##.###.#####.######.. #.#
#.# .# ... #.# #...# #


You could see a manticore.

Vanquished Creatures
  Pikel (D:6)
  Sigmund (D:6)
  A hippogriff (D:7)
  2 ice beasts
  A phantom (D:6)
  2 black bears (D:6)
  Blork the orc (D:6)
  3 scorpions
  A water moccasin skeleton (D:5)
  A howler monkey (D:5)
  A crimson imp (D:6)
  A jelly (D:5)
  3 orc priests
  A hound (D:5)
  2 worker ants (D:4)
  An iguana (D:4)
  5 orc wizards
  A hound skeleton (D:5)
  4 gnolls (D:6)
  10 adders
  8 oozes (D:1)
  An adder zombie (D:6)
  4 worms
  3 dart slugs
  3 giant geckos
  13 orcs
  4 bats
  7 giant cockroaches
  4 goblins
  2 hobgoblins
  5 jackals
  7 kobolds
  A quokka (D:2)
  3 ball pythons
  3 giant newts
  A jackal skeleton (D:6)
  14 rats
126 creatures vanquished.

Vanquished Creatures (others)
  2 giant frogs (D:6)
  A giant frog zombie (D:6)
  A shadow imp (D:6)
4 creatures vanquished.

Grand Total: 130 creatures vanquished

Notes
Turn   | Place    | Note
--------------------------------------------------------------
     0 | D:1      | Svalin the Formicid Fighter began the quest for the Orb.
     0 | D:1      | Reached XP level 1. HP: 18/18 MP: 1/1
     1 | D:1      | Found a runed door.
    17 | D:1      | Reached XP level 2. HP: 24/24 MP: 2/2
    23 | D:1      | Reached skill level 3 in Axes
    29 | D:1      | Reached XP level 3. HP: 19/29 MP: 3/3
    44 | D:1      | Reached skill level 4 in Axes
    44 | D:1      | Reached XP level 4. HP: 22/35 MP: 4/4
  1277 | D:2      | Reached XP level 5. HP: 29/41 MP: 5/5
  2065 | D:3      | Reached skill level 5 in Axes
  3540 | D:4      | Reached XP level 6. HP: 45/47 MP: 6/6
  3576 | D:4      | Reached skill level 6 in Axes
  4148 | D:4      | Found a staircase to the Ecumenical Temple.
  4164 | Temple   | Entered the Ecumenical Temple
  4208 | Temple   | Became a worshipper of Makhleb the Destroyer
  4252 | D:4      | Found Letwuj's Magic Scroll Shoppe.
  4862 | D:5      | Entered Level 5 of the Dungeon
  4993 | D:5      | Reached skill level 7 in Axes
  4993 | D:5      | Reached XP level 7. HP: 32/52 MP: 7/7
  5014 | D:5      | Reached * piety under Makhleb
  5164 | D:5      | Reached skill level 8 in Axes
  5219 | D:5      | Reached XP level 8. HP: 27/58 MP: 8/8
  5887 | D:6      | Reached skill level 9 in Axes
  6011 | D:6      | Reached ** piety under Makhleb
  6011 | D:6      | Reached skill level 1 in Invocations
  6139 | D:6      | Found a blossoming altar of Fedhas.
  6139 | D:6      | Found a deep blue altar of Sif Muna.
  6215 | D:6      | Noticed Sigmund
  6230 | D:6      | Killed Sigmund
  6230 | D:6      | Reached XP level 9. HP: 63/65 MP: 10/10
  6267 | D:6      | Noticed Pikel
  6282 | D:6      | Killed Pikel
  6282 | D:6      | Reached skill level 10 in Axes
  6282 | D:6      | Reached skill level 5 in Shields
  6297 | D:6      | Noticed Blork the orc
  6337 | D:6      | Killed Blork the orc
  6337 | D:6      | Reached skill level 5 in Fighting
  6834 | D:7      | Noticed a manticore
  6848 | D:7      | HP: 2/68 [manticore (15)]
  6853 | D:7      | HP: 1/68 [manticore (8)]
  6854 | D:7      | Mangled by a manticore

Vault maps used:
D:1:      dpeg_arrival_caged_fury
D:2:      grunt_ministairs_8, serial_bayou_pond_b, minmay_misc_feat_ornament,
          minmay_hedge_maze
D:4:      temple_green, serial_shops, nicolae_shop_stone
D:5:      first_bread, portal_sewer_entry_b, grunt_ministairs_15
D:6:      amethyst_overflow_temple_binary, serial_glass, glass_columns_c,
          glass_columns_a, uniq_blork_the_orc, uniq_sigmund, uniq_pikel
D:7:      gammafunk_temple_overflow_wave
Temple:   circular_temple_6

Skill      XL: |  1  2  3  4  5  6  7  8  9 |
---------------+----------------------------+-----
Axes           | 3 4 5 7 8 9 10 | 10.4
Shields        | 4 5 |  5.8
Invocations    | 2 3 |  3.9
Fighting       | 4 5 |  5.2
Armour         | |  3.2

Action                   |  1- 3 |  4- 6 |  7- 9 || total
-------------------------+-------+-------+-------++-------
Melee: War axe           |    29 |   283 |   232 ||   544
 Abil: Dig               |       |     1 |     3 ||     4
  Use: Potion            |     1 |     1 |     7 ||     9
       Scroll            |       |     9 |       ||     9
  Eat: Chunk             |       |    12 |     6 ||    18
       Pizza             |       |     1 |       ||     1
